 Dungeon Crawl Stone Soup version 0.30-a0-743-gbfdf073431 (webtiles) character file.

Game seed: 12895912855213930809

50866 derval the Warrior (level 14, 0/104 (110) HPs)
             Began as an Octopode Summoner on Feb 5, 2023.
             Was an Initiate of Gozag.
             Slain by a +7 broad axe of Icualug {chaos, rF+++ Will- Int-4 Dex+8} (14 damage)
             ... on level 2 of the Lair of Beasts.
             The game lasted 00:38:29 (27904 turns).

derval the Warrior (Octopode Summoner)             Turns: 27904, Time: 00:38:30

HP:   0/104 (110)   AC:  8    Str:  8    XL:     14   Next: 57%
MP:   23/25         EV: 33    Int: 23    God:    Gozag
Gold: 2768          SH:  0    Dex: 24    Spells: 18/28 levels left

rFire   . . .      SeeInvis +    j - +11 mace "Demonbane" {venom, Dex+5 Stlth+}
rCold   . . .      Faith    .    (no shield)
rNeg    . . .      Spirit   .    c - +3 crown of Dyrovepreva {rElec Int+2 SInv}
rPois   .          Reflect  .    H - amulet of magic regeneration
rElec   +          Harm     .    e - +6 ring of dexterity
rCorr   +          Rampage  .    i - +5 ring of evasion
Will    +....                    x - ring of resist corrosion
Stlth   +++++                    y - +4 ring of protection
HPRegen 0.37/turn                B - +5 ring of evasion
MPRegen 0.59/turn                E - ring of flight
                                 (no ring)
                                 (no ring)

@: about to teleport, flying, drained
A: almost no armour, amphibious, 8 rings, camouflage 1, gelatinous body 1,
(nimble swimmer 1), tentacles
a: Renounce Religion, Potion Petition, Call Merchant, Bribe Branch


You were on level 2 of the Lair of Beasts.
You worshipped Gozag.
Gozag was most pleased with you.
You visited 2 branches of the dungeon, and saw 15 of its levels.

You collected 4834 gold pieces.
You spent 540 gold pieces at shops.
You paid 1526 gold pieces to Gozag.

Inventory:

Hand Weapons
 j - the +11 mace "Demonbane" (weapon) {venom, Dex+5 Stlth+}
   (You took it off a spriggan on level 5 of the Lair of Beasts)

   Dex:       It affects your dexterity (+5).
   Stlth:     It makes you more stealthy.
 D - a +1 spectral quarterstaff
Armour
 c - the +3 crown of Dyrovepreva (worn) {rElec Int+2 SInv}
   (You acquired it on level 2 of the Dungeon)

   Int:       It affects your intelligence (+2).
   rElec:     It insulates you from electricity.
   SInv:      It lets you see invisible.
Jewellery
 e - a +6 ring of dexterity (left tentacle)
 i - a +5 ring of evasion (right tentacle)
 x - a ring of resist corrosion (on tentacle)
 y - a +4 ring of protection (on tentacle)
 B - a +5 ring of evasion (on tentacle)
 E - a ring of flight (on tentacle)
 H - an amulet of magic regeneration (around mantle)
Wands
 h - a wand of roots (15)
 o - a wand of flame (16)
 t - a wand of paralysis (3)
 C - a wand of digging (3)
 I - a wand of polymorph (8)
Scrolls
 d - 2 scrolls of poison
 f - a scroll of enchant armour
 m - 4 scrolls of teleportation
 r - 3 scrolls of identify {@r1}
 v - 2 scrolls of magic mapping
 A - 2 scrolls of fog
Potions
 a - 3 potions of magic
 b - a potion of invisibility
 g - a potion of mutation {!q}
 k - 3 potions of haste
 l - 14 potions of curing {@q1}
 n - 6 potions of brilliance
 q - 3 potions of heal wounds
 s - a potion of flight
 w - 2 potions of resistance
 z - 3 potions of might
 F - 3 potions of berserk rage
 G - 4 potions of ambrosia


   Skills:
 - Level 15.0 Fighting
 + Level 11.8 Dodging
 - Level 2.6 Stealth
 + Level 7.7 Spellcasting
 - Level 10.0 Summonings
 + Level 11.8 Air Magic


You had 18 spell levels left.
You knew the following spells:

 Your Spells              Type           Power      Damage    Failure   Level
e - Summon Lightning Spi  Summ/Air       56%        N/A       1%          4
r - Summon Guardian Gole  Hex/Summ       31%        N/A       2%          3
z - Call Canine Familiar  Summ           53%        N/A       1%          3

Your spell library contained the following spells:

 Spells                   Type           Power      Damage    Failure   Level
 Summon Small Mammal      Summ           100%       N/A       1%          1
 Call Imp                 Summ           53%        N/A       1%          2
 Kiss of Death            Conj/Necr      32%        2d7       7%          1
 Dazzling Flash           Conj/Hex       16%        N/A       22%         3
 Gell's Gravitas          Tloc           8%         N/A       22%         3
 Ozocubu's Armour         Ice            8%         N/A       22%         3
 Teleport Other           Tloc           8%         N/A       22%         3
 Iskenderun's Mystic Bla  Conj/Tloc      8%         2d4       56%         4
 Leda's Liquefaction      Hex/Erth       4%         N/A       56%         4
 Lee's Rapid Deconstruct  Erth           4%         3d5*      89%         5
 Metabolic Englaciation   Hex/Ice        4%         N/A       89%         5
 Yara's Violent Unravell  Hex/Tmut       4%         3d4       89%         5
 Dispersal                Tloc           4%         N/A       100%        6
 Starburst                Conj/Fire      4%         6d3       100%        6
 Statue Form              Tmut/Erth      5%         N/A       100%        6
 Enfeeble                 Hex            4%         N/A       100%        7
 Borgnjor's Revivificati  Necr           4%         N/A       100%        8
 Animate Dead             Necr           Unusable   N/A       N/A         4
 Simulacrum               Ice/Necr       Unusable   N/A       N/A         6

Dungeon Overview and Level Annotations

Branches:
Dungeon (10/15)            Temple (0/1) D:7            Lair (5/5) D:10
  Swamp (0/4) Lair:3        Snake (0/4) Lair:2        Slime (0/5) Lair:5
    Orc (0/2) D:9

Altars:
Elyvilon
Fedhas
Gozag
Hepliaklqana
Makhleb
Nemelex Xobeh
Okawaru
Qazlal
Ru
Sif Muna
Uskayaw
Vehumet
Wu Jian
Xom
Yredelemnul
Zin
The Shining One
Jiyva

Shops:
D:10 !   Lair:1 =:

Annotations:
D:3 2 runed translucent doors, MackTheKnife's ghost, amateur DrHW
D:10 2 runed translucent doors, mrw0lf's ghost, novice DsTm
Lair:1 2 transporters, mopl's ghost, journeyman MiHu
Lair:4 Josephine


Innate Abilities, Weirdness & Mutations

You cannot wear most types of armour.
You are amphibious.
You can wear up to eight rings at the same time.
Your skin changes colour to match your surroundings (Stealth+).
Your rubbery body absorbs attacks. (AC +1, EV +1)
((You are camouflaged when in or above water. (Stealth+)))
You have tentacles for arms and can constrict up to eight enemies at once.


Message History

Aiming: Throw Flame
Press: ? - help, Shift-Dir - straight line, f/p - +7 broad axe of Icualug {chaos, rF+++ Will- Int-4 Dex+8}
Aim: a +7 broad axe of Icualug {chaos, rF+++ Will- Int-4 Dex+8} (ally target, 42% to hit)
The puff of flame misses the +7 broad axe of Icualug {chaos, rF+++ Will- Int-4 Dex+8}.
You feel very sick.
The +7 broad axe of Icualug {chaos, rF+++ Will- Int-4 Dex+8} misses you.
The +7 broad axe of Icualug {chaos, rF+++ Will- Int-4 Dex+8} hits your lightning spire!
Aiming: Throw Flame
Press: ? - help, Shift-Dir - straight line, f/p - +7 broad axe of Icualug {chaos, rF+++ Will- Int-4 Dex+8}
Aim: a +7 broad axe of Icualug {chaos, rF+++ Will- Int-4 Dex+8} (ally target, 42% to hit)
The puff of flame hits the +7 broad axe of Icualug {chaos, rF+++ Will- Int-4 Dex+8} but does no damage.
You feel sick.
The +7 broad axe of Icualug {chaos, rF+++ Will- Int-4 Dex+8} closely misses you.
The +7 broad axe of Icualug {chaos, rF+++ Will- Int-4 Dex+8} hits your lightning spire.
The +7 broad axe of Icualug {chaos, rF+++ Will- Int-4 Dex+8} completely misses you.
The +7 broad axe of Icualug {chaos, rF+++ Will- Int-4 Dex+8} hits your lightning spire!
The +7 broad axe of Icualug {chaos, rF+++ Will- Int-4 Dex+8} burns your lightning spire.
Your lightning spire is destroyed!
Your lightning spire disappears in a puff of smoke!
Casting: Summon Lightning Spire (mildly dangerous; 1% risk of failure)
Confirm with . or Enter, or press ? or * to list all spells.
An electric hum fills the air.
You feel sick.
The +7 broad axe of Icualug {chaos, rF+++ Will- Int-4 Dex+8} completely misses you.
You feel sick.
The +7 broad axe of Icualug {chaos, rF+++ Will- Int-4 Dex+8} completely misses you.
You feel sick.
You feel sick.
You feel sick.
The +7 broad axe of Icualug {chaos, rF+++ Will- Int-4 Dex+8} hits you!!
The +7 broad axe of Icualug {chaos, rF+++ Will- Int-4 Dex+8} burns you.
As you read the scroll of teleportation, it crumbles to dust.
You feel strangely unstable.
You feel sick.
You are no longer poisoned.
The +7 broad axe of Icualug {chaos, rF+++ Will- Int-4 Dex+8} completely misses you.
The +7 broad axe of Icualug {chaos, rF+++ Will- Int-4 Dex+8} attacks as you move away!
The +7 broad axe of Icualug {chaos, rF+++ Will- Int-4 Dex+8} hits you!!
* * * LOW HITPOINT WARNING * * *
The +7 broad axe of Icualug {chaos, rF+++ Will- Int-4 Dex+8} hits you!
You die...
Your body crumbles into a pile of gold.

###.# #.# #.......#..# #.## ##.#
#.####....### #..# #P.## #.#
####...# #.## ##..# #.# #####
##..# ##.######.## #(..#
#..#.##....# ##..##
#####.8#.......#### ####
.##.P###....P.#..P....##.####.P##
.P...[.........(@................
.......#..###.#P...####..######..
......P#.####.....## #### ######
.........# #.####..# #.##..
#.....P.## ### #..##########.#...
.#.#..### ##.......>........
.#.....# ##.##.####.#.#...
#...>.## ###### ##.##### ...#...#
###


You could see a +7 broad axe of Icualug {chaos, rF+++ Will- Int-4 Dex+8}.

Vanquished Creatures
  Kirke (Lair:4)
  The ghost of Kyuxeop the Grappler, a journeyman NaTm of Cheibriados (Lair:2)
  A hydra (Lair:5)
  A manticore (D:9)
  9 elephants
  3 black mambas
  9 cane toads
  4 rime drakes
  5 komodo dragons
  A kobold demonologist (D:10)
  3 polar bears (Lair:5)
  A hornet (Lair:5)
  3 dream sheep
  5 blink frogs
  4 wyverns
  A shadow (D:10)
  4 spriggans (Lair:5)
  A hog (Lair:4)
  16 yaks
  A basilisk (Lair:1)
  3 vampire mosquitoes
  4 water moccasins
  A floating eye (D:10)
  An ice beast (D:8)
  2 sky beasts
  3 black bears
  6 wolves
  A phantom (D:5)
  9 bullfrogs
  A necrophage (D:4)
  2 scorpions (D:6)
  2 hounds
  A jelly (Lair:5)
  6 orc priests
  Crazy Yiuf (D:7)
  An iron imp (D:6)
  3 iguanas
  3 orc wizards
  4 hell rats (Lair:3)
  7 adders
  A gnoll (D:6)
  An ufetubus (D:5)
  A worm (D:2)
  5 dart slugs
  6 orcs
  2 ball pythons
  9 endoplasms
  2 giant cockroaches (D:2)
  3 goblins
  5 hobgoblins
  9 jackals
  5 quokkas
  A bat (D:3)
  A frilled lizard (D:3)
  2 goblin skeletons (D:6)
  2 hobgoblin zombies (D:6)
  6 kobolds
  A kobold skeleton (D:6)
  2 kobold zombies (D:6)
  4 rats
203 creatures vanquished.

Vanquished Creatures (collateral kills)
  Fannar (Lair:3)
  A hydra (Lair:5)
  A catoblepas (Lair:4)
  3 two-headed ogres
  Erica (D:8)
  A death yak (Lair:4)
  Urug (Lair:3)
  An oklob plant (Lair:2)
  A black mamba (Lair:3)
  4 elephants
  Joseph (D:8)
  2 cane toads
  5 komodo dragons
  A rime drake (Lair:5)
  5 polar bears
  4 trolls (D:10)
  Prince Ribbit (D:7)
  5 blink frogs
  2 hornets (Lair:5)
  9 dream sheep
  8 spriggans (Lair:5)
  A slime creature (D:10)
  3 wyverns
  37 yaks
  2 wraiths (Lair:4)
  A basilisk (Lair:3)
  2 hogs
  3 vampire mosquitoes
  3 steam dragons
  An acid dragon (D:10)
  Duvessa (D:7)
  7 water moccasins
  2 floating eyes (D:10)
  3 orc warriors
  An ice beast (D:6)
  3 boggarts (Lair:5)
  A centaur (D:5)
  A phantom (D:4)
  19 wolves
  6 bullfrogs
  2 kobold brigands
  3 necrophages
  2 scorpions
  8 wights
  Dowan (D:7)
  2 hounds (D:5)
  4 jellies
  6 orc priests
  A gnoll bouda (D:6)
  Natasha (thrice) (D:3)
  4 iguanas
  8 orc wizards
  2 hell rats (Lair:3)
  13 gnolls
  4 adders
  A shadow imp (D:6)
  A white imp (D:5)
  14 orcs
  4 endoplasms
  3 goblins
  A hobgoblin (D:1)
  4 jackals
  2 ball pythons
  5 bats
  A frilled lizard (D:1)
  2 goblin skeletons (D:6)
  4 kobolds (D:6)
  An orc skeleton (D:6)
  An orc zombie (D:6)
  2 rats
  2 butterflies (D:7)
266 creatures vanquished.

Vanquished Creatures (others)
  A spriggan (Lair:5)
  A black bear (D:4)
  A boggart (Lair:5)
  2 wolves (Lair:5)
  31 fungi
  74 plants
110 creatures vanquished.

Grand Total: 579 creatures vanquished

Notes
Turn   | Place    | Note
-------+----------+-------------------------------------------
     0 | D:1      | derval the Octopode Summoner began the quest for the Orb.
     0 | D:1      | Reached XP level 1. HP: 11/11 MP: 3/3
     0 | D:1      | Noticed an ogre
     0 | D:1      | Noticed a vine stalker
     6 | D:1      | Noticed a demigod
     7 | D:1      | Noticed a demonspawn
     8 | D:1      | Noticed a ghoul
     9 | D:1      | Noticed a demigod
    11 | D:1      | Noticed a minotaur
    11 | D:1      | Noticed a dwarf
    13 | D:1      | Noticed a dwarf
    13 | D:1      | Noticed a draconian
    15 | D:1      | Noticed a tengu
    17 | D:1      | Noticed a barachi
    17 | D:1      | Noticed a minotaur
    17 | D:1      | Noticed a draconian
    19 | D:1      | Noticed a minotaur
   313 | D:1      | Reached XP level 2. HP: 17/17 MP: 1/5
   653 | D:1      | Reached XP level 3. HP: 20/21 MP: 6/6
   657 | D:1      | Learned a level 3 spell: Call Canine Familiar
   669 | D:1      | Reached skill level 5 in Summonings
  1170 | D:2      | Reached XP level 4. HP: 18/27 MP: 2/7
  1317 | D:2      | Found a hazy altar of Hepliaklqana.
  2039 | D:2      | Identified a scroll of acquirement
  2039 | D:2      | Acquired the +3 crown of Dyrovepreva {rElec Int+2 SInv}
  2039 | D:2      | Found the +3 crown of Dyrovepreva {rElec Int+2 SInv}
  2201 | D:3      | Found a large runed translucent door.
  2201 | D:3      | Found a large runed translucent door.
  2203 | D:3      | Noticed MackTheKnife's ghost (amateur DrHW)
  2221 | D:3      | Reached XP level 5. HP: 31/31 MP: 4/8
  2397 | D:3      | Found a white marble altar of Elyvilon.
  2417 | D:3      | Learned a level 3 spell: Summon Guardian Golem
  2520 | D:3      | Noticed Natasha
  2522 | D:3      | Found an ornate altar of the Wu Jian Council.
  2531 | D:3      | Killed Natasha
  3017 | D:3      | Noticed Natasha
  3022 | D:3      | Killed Natasha
  3135 | D:3      | Noticed Natasha
  3153 | D:3      | Killed Natasha
  3154 | D:3      | Reached XP level 6. HP: 31/36 MP: 5/9
  4143 | D:4      | Reached skill level 1 in Air Magic
  4143 | D:4      | Reached XP level 7. HP: 39/41 MP: 8/10
  5112 | D:4      | Reached skill level 5 in Air Magic
  5166 | D:4      | Found a shimmering altar of Xom.
  5166 | D:4      | Found a shimmering altar of Xom.
  5166 | D:4      | Found a shimmering altar of Xom.
  5168 | D:4      | Found a shimmering altar of Xom.
  5169 | D:4      | Found a shimmering altar of Xom.
  5170 | D:4      | Found a shimmering altar of Xom.
  5170 | D:4      | Found a shimmering altar of Xom.
  5263 | D:4      | Found a shimmering blue altar of Sif Muna.
  5315 | D:5      | Entered Level 5 of the Dungeon
  5345 | D:5      | Reached XP level 8. HP: 46/46 MP: 11/11
  5387 | D:5      | Learned a level 4 spell: Summon Lightning Spire
  5653 | D:5      | Found an opulent altar of Gozag.
  5665 | D:5      | Became a worshipper of Gozag Ym Sagoz the Greedy
  6568 | D:6      | Reached skill level 1 in Fighting
  6838 | D:6      | Reached skill level 2 in Fighting
  7139 | D:6      | Reached skill level 3 in Fighting
  7139 | D:6      | Reached XP level 9. HP: 57/57 MP: 5/12
  7231 | D:6      | Reached skill level 4 in Fighting
  7603 | D:6      | Reached skill level 5 in Fighting
  7779 | D:6      | Found a glowing golden altar of the Shining One.
  7918 | D:6      | Found a basalt altar of Yredelemnul.
  7921 | D:6      | Found a radiant altar of Vehumet.
  7927 | D:6      | Found a blossoming altar of Fedhas.
  7928 | D:6      | Found a sparkling altar of Nemelex Xobeh.
  7929 | D:6      | Found a hide-covered altar of Uskayaw.
  7931 | D:6      | Found an iron altar of Okawaru.
  7932 | D:6      | Found a sacrificial altar of Ru.
  9107 | D:7      | Found a staircase to the Ecumenical Temple.
  9162 | D:7      | Noticed Prince Ribbit
  9172 | D:7      | Killed Prince Ribbit
  9307 | D:7      | Noticed Dowan
  9308 | D:7      | Noticed Duvessa
  9332 | D:7      | Killed Dowan
  9369 | D:7      | Killed Duvessa
  9370 | D:7      | Reached skill level 6 in Fighting
  9529 | D:7      | Noticed a two-headed ogre
  9547 | D:7      | Killed a two-headed ogre
  9548 | D:7      | Reached XP level 10. HP: 69/69 MP: 5/16
  9725 | D:7      | Found a runed translucent door.
  9726 | D:7      | Noticed Crazy Yiuf
  9846 | D:7      | Killed Crazy Yiuf
 10144 | D:8      | Found a stormy altar of Qazlal.
 10573 | D:8      | Noticed Erica
 10593 | D:8      | Killed Erica
 10594 | D:8      | Reached skill level 7 in Fighting
 10934 | D:8      | Noticed Joseph
 10943 | D:8      | Killed Joseph
 10944 | D:8      | Reached skill level 5 in Spellcasting
 11572 | D:9      | Found a burning altar of Makhleb.
 11576 | D:9      | Found a glowing silver altar of Zin.
 11576 | D:9      | Noticed an angel
 11576 | D:9      | Noticed a blizzard demon
 11659 | D:9      | Noticed a manticore
 11670 | D:9      | Killed a manticore
 12005 | D:9      | Found a staircase to the Orcish Mines.
 12259 | D:9      | Got Zonguldrok's Cyclopedia of the Mausoleum
 12426 | D:9      | Reached XP level 11. HP: 77/77 MP: 10/18
 12430 | D:9      | Reached skill level 10 in Summonings
 12430 | D:9      | Reached skill level 10 in Air Magic
 12435 | D:9      | Reached skill level 8 in Fighting
 12555 | D:10     | Entered Level 10 of the Dungeon
 12660 | D:10     | Noticed a two-headed ogre
 12674 | D:10     | Killed a two-headed ogre
 12675 | D:10     | Reached skill level 9 in Fighting
 13493 | D:10     | Noticed a two-headed ogre
 13505 | D:10     | Found a runed translucent door.
 13512 | D:10     | Noticed a deep elf knight
 13513 | D:10     | Noticed a lich
 13514 | D:10     | Killed a two-headed ogre
 13515 | D:10     | Reached skill level 10 in Fighting
 13596 | D:10     | Noticed a centaur warrior
 13600 | D:10     | Noticed a necromancer
 13606 | D:10     | Found a runed translucent door.
 13609 | D:10     | Noticed mrw0lf's ghost (novice DsTm)
 13653 | D:10     | Found Iwyc's Distillery.
 13743 | D:10     | Bought a potion of heal wounds for 75 gold pieces
 13743 | D:10     | Bought a potion of curing for 45 gold pieces
 13974 | D:10     | Found a staircase to the Lair.
 14141 | D:10     | Reached skill level 5 in Dodging
 14871 | D:10     | Reached XP level 12. HP: 82/87 MP: 13/19
 15602 | Lair:1   | Entered Level 1 of the Lair of Beasts
 15628 | Lair:1   | Bought an amulet of magic regeneration for 420 gold pieces
 15993 | Lair:1   | Noticed a four-headed hydra
 15994 | Lair:1   | Noticed mopl's ghost (journeyman MiHu)
 16015 | Lair:1   | Reached skill level 10 in Dodging
 16257 | Lair:1   | Found a transporter.
 16292 | Lair:1   | Found a transporter.
 17007 | Lair:2   | Found a staircase to the Snake Pit.
 17037 | Lair:2   | Reached skill level 11 in Fighting
 17160 | Lair:2   | Found a runed translucent door.
 17160 | Lair:2   | Found a shimmering altar of Xom.
 17160 | Lair:2   | Noticed Kyuxeop's ghost (journeyman NaTm)
 17160 | Lair:2   | Identified the +7 broad axe of Icualug {chaos, rF+++ Will-
                  | Int-4 Dex+8}
 17853 | Lair:2   | Reached skill level 12 in Fighting
 18669 | Lair:3   | Reached XP level 13. HP: 73/98 MP: 16/20
 18806 | Lair:3   | Noticed Urug
 18812 | Lair:3   | Reached skill level 13 in Fighting
 18826 | Lair:3   | Killed Urug
 19525 | Lair:3   | Found a staircase to the Swamp.
 19612 | Lair:3   | Reached skill level 14 in Fighting
 19988 | Lair:3   | Noticed Fannar
 20019 | Lair:3   | Killed Fannar
 20499 | Lair:4   | Noticed Kirke
 22019 | Lair:4   | Noticed Josephine
 22028 | Lair:4   | Reached skill level 15 in Fighting
 22375 | Lair:4   | Killed Kirke
 22894 | Lair:5   | Entered Level 5 of the Lair of Beasts
 23552 | Lair:5   | Reached XP level 14. HP: 94/110 MP: 23/23
 24581 | Lair:5   | Found a staircase to the Slime Pits.
 24582 | Lair:5   | Found a viscous altar of Jiyva.
 26025 | Lair:5   | Identified the +11 mace "Demonbane" {venom, Dex+5 Stlth+}
 26509 | Lair:5   | Identified the +1 pair of boots of Niwaamech {Will+}
 27134 | Lair:2   | HP: 5/105 [+7 broad axe of Icualug {chaos, rF+++ Will-
                  | Int-4 Dex+8} (16)]
 27377 | Lair:2   | Killed Kyuxeop's ghost
 27904 | Lair:2   | Slain by a +7 broad axe of Icualug {chaos, rF+++ Will-
                  | Int-4 Dex+8}

Illustrated notes

Levels and vault maps discovered:
D:1:      shiori_arrival_whats_in_store_for_you, layout_rooms
D:2:      layout_loops_ring, basic_altar, hangedman_decor_clover_reticule
D:3:      layout_basic, lemuel_round_altar, mainiacjoe_overflow_24_doors,
          ebering_ghost_disaster_area, serial_bayou, serial_bayou_shore_b,
          serial_bayou_pond_d, serial_bayou_shore_a, serial_bayou_lake_a,
          minmay_tree_intersection, uniq_natasha
D:4:      layout_basic, xom_redecorated, nicolae_sif_muna_little_library
D:5:      layout_basic, mainiacjoe_overflow_small_starburst, st_stairs_1
D:6:      layout_loops_corners, nicolae_tso_besieged_by_evil, minitemple
D:7:      layout_rooms, minmay_temple_entry_butterflies, minmay_misc_feat_roman,
          abandoned_shop, uniq_prince_ribbit1, uniq_duvessa,
          uniq_crazy_yiuf_cottage
D:8:      layout_basic, nicolae_qazlal_general_emergency, uniq_joseph,
          uniq_erica
D:9:      layout_rooms, grunt_temple_overflow_order_and_chaos_2,
          minmay_orc_entry_temple_small
D:10:     layout_loops_corners, minmay_lair_entry_grove,
          muffindrake_ghost_dual_entry, serial_shops, shop_coins,
          onia_ninara_cookie
Lair:1:   layout_misc_corridors, gammafunk_ghost_arena, lemuel_fruit_tree
Lair:2:   layout_loops_ring, dummy_snake_entry, ebering_ghost_xom,
          serial_bayou_shore_b
Lair:3:   layout_cave_shapes, minmay_swamp_entry_swarm,
          kennysheep_catoblepas_arena, uniq_fannar, uniq_urug
Lair:4:   layout_cave_pods, nicolae_lair_yak_garden, grunt_megastairs_3,
          uniq_kirke, uniq_josephine
Lair:5:   minmay_lair_end_enchanted_forest, layout_gridlike,
          nicolae_slime_entry_slimehenge, grunt_megastairs_1,
          infiniplex_staircase_pool

Skill      XL: |  1  2  3  4  5  6  7  8  9 10 11 12 13 14 |
---------------+-------------------------------------------+-----
Summonings     | 5 6 7 8 9 10 | 10.0
Air Magic      | 1 5 8 9 10 11 | 11.8
Fighting       | 3 6 7 10 12 15 | 15.0
Spellcasting   | 4 5 6 7 |  7.7
Dodging        | 7 10 11 | 11.8
Stealth        | |  2.6

Action                     |  1- 3 |  4- 6 |  7- 9 | 10-12 | 13-15 || total
---------------------------+-------+-------+-------+-------+-------++-------
  Melee: Unarmed           |    80 |    94 |    19 |       |       ||   193
         Constrict         |    25 |    25 |    34 |    29 |    41 ||   154
         Tentacles         |    17 |    29 |    31 |    73 |    72 ||   222
         Short sword       |       |       |    91 |     3 |       ||    94
         Punch             |       |       |     1 |     4 |     6 ||    11
         Quarterstaff      |       |       |       |   189 |   208 ||   397
         Mace              |       |       |       |       |    14 ||    14
   Cast: Summon Small Mamm |    23 |    13 |     8 |       |       ||    44
         Call Canine Famil |     1 |    16 |    34 |    50 |    76 ||   177
         Summon Guardian G |       |       |     1 |     2 |     8 ||    11
         Summon Lightning  |       |       |    19 |    50 |    84 ||   153
 Invoke: Call Merchant     |       |       |       |     1 |     1 ||     2
  Evoke: Wand              |       |       |       |       |     4 ||     4
    Use: Scroll            |     5 |     3 |     2 |    11 |     7 ||    28
   Stab: Distracted        |     1 |       |     1 |     7 |    10 ||    19
         Sleeping          |     5 |     7 |     2 |     3 |       ||    17
 Armour: Skin              |    10 |    20 |    14 |    29 |    28 ||   101
  Dodge: Dodged            |    63 |    79 |    95 |   222 |   369 ||   828

Table legend: (Time is in decaauts)
 A = Elapsed time spent in this place.
 B = Non-inter-level travel time spent in this place.
 C = Inter-level travel time spent in this place.
 D = Time resting spent in this place.
 E = Time spent auto-exploring this place.
 F = Levels seen in this place.
 G = Mean time per level.
                   A        B        C        D        E       F      G
               +--------+--------+--------+--------+--------+-----+--------+
         Total |  28036 |  26871 |   1165 |  11407 |  11374 |  15 | 1869.1 |
       Dungeon |  15648 |  14993 |    655 |   5367 |   7239 |  10 | 1564.8 |
          Lair |  12388 |  11879 |    509 |   6040 |   4135 |   5 | 2477.6 |
               +--------+--------+--------+--------+--------+-----+--------+

Top non-repeatable levels by time:
  Lair:5: 4028 daAuts
    D:10: 3089 daAuts
  Lair:2: 2462 daAuts
  Lair:3: 2256 daAuts
  Lair:4: 2209 daAuts
     D:6: 2085 daAuts
     D:4: 1683 daAuts
     D:8: 1619 daAuts
     D:3: 1470 daAuts
  Lair:1: 1431 daAuts
     D:7: 1295 daAuts
     D:2: 1241 daAuts
     D:5: 1239 daAuts
     D:9: 1006 daAuts
     D:1: 917 daAuts
